AoeStats
← Cbear

Black Forest

508092176Analyzed
3v3 RM · 12d ago on Sep 20, 2026· 52m 10s· 6 players
Game mode
Random Map
Map size
Normal (6 player)
Population
200
Speed
Normal
Resources
Standard
Victory
Conquest
Starting age
Dark Age
Ending age
Imperial Age
RankedLock teamsTeams togetherTeam positionsShared explorationLock speedFull tech treeHidden civsTurbo modeCheats
Victory
Defeat
🇹🇷 Hindustanis · Türkiye
660
+5
🇺🇸 Celts · United States
651
+5
🇦🇷 Spanish · Argentina
293
+16
🇪🇸 Turks · Spain
369
-10
🇨🇱 Sicilians · Chile
341
-9
🇻🇪 Persians · Venezuela
304
-7
sstylevines
15:28 Feudal Age
16:13 Double-Bit Axe
16:13 Horse Collar
17:15 Wheelbarrow
39:26 Castle Age
38:27 Gold Mining
38:28 Stone Mining
40:54 Gold Shaft Mining
40:48 Forging
40:28 Fletching
40:39 Padded Archer Armor
40:46 Scale Barding Armor
40:42 Scale Mail Armor
42:04 Hand Cart
42:36 Caravan
43:10 Coinage
44:55 Bow Saw
44:48 Heavy Plow
45:31 Iron Casting
44:52 Bodkin Arrow
45:12 Leather Archer Armor
45:13 Chain Mail Armor
45:18 Chain Barding Armor
51:49 Imperial Age
cl_danielamador
0:56 Loom
38:48 Feudal Age
47:01 Double-Bit Axe
CarlosJesus2904
6:57 Loom
13:33 Feudal Age
17:24 Wheelbarrow
17:17 Double-Bit Axe
18:36 Town Watch
19:19 Fishing Lines
21:30 Town Watch
24:27 Gold Mining
24:28 Stone Mining
25:45 Bloodlines
27:07 Horse Collar
30:11 Castle Age
32:37 Gold Shaft Mining
32:37 Stone Shaft Mining
32:31 Bow Saw
32:50 Caravan
33:55 Hand Cart
33:43 Town Patrol
34:05 Gillnets
34:25 Scale Barding Armor
34:30 Forging
34:45 Heavy Plow
35:19 Husbandry
36:49 Kamandaran
37:11 Crossbowman
37:56 Thumb Ring
38:28 Murder Holes
38:57 Ballistics
40:53 Fervor
41:15 Fletching
41:25 Padded Archer Armor
44:13 Imperial Age
42:29 Masonry
43:26 Bodkin Arrow
43:47 Leather Archer Armor
43:57 Cavalier
46:48 Conscription
48:56 Two-Man Saw
49:14 Ring Archer Armor
49:20 Iron Casting
49:06 Chain Barding Armor
48:18 Savar
Cbear
0:53 Loom
12:00 Feudal Age
12:23 Horse Collar
19:27 Double-Bit Axe
24:21 Castle Age
23:39 Wheelbarrow
25:40 Heavy Plow
29:30 Bow Saw
32:54 Pikeman
39:38 Imperial Age
37:29 Hand Cart
37:42 Gold Mining
38:49 Caravan
39:20 Coinage
38:50 Town Watch
39:58 Fortified Wall
40:23 Ballistics
39:43 Halberdier
40:34 Scale Mail Armor
40:45 Forging
40:32 Onager
42:00 Conscription
42:18 Chain Mail Armor
43:37 Siege Onager
46:44 Heavy Scorpion
51:00 Elite Woad Raider
canbomexes
14:58 Feudal Age
16:17 Wheelbarrow
15:26 Horse Collar
15:34 Double-Bit Axe
16:17 Stone Mining
16:20 Gold Mining
21:47 Castle Age
22:59 Hand Cart
23:08 Bow Saw
23:55 Caravan
28:20 Heavy Plow
29:00 Stone Shaft Mining
29:00 Gold Shaft Mining
36:48 Imperial Age
37:28 Elite Ghulam
38:58 Scale Barding Armor
39:04 Forging
38:54 Scale Mail Armor
38:45 Fletching
38:56 Padded Archer Armor
41:08 Chemistry
40:28 Ballistics
40:19 Fortified Wall
40:05 Murder Holes
40:21 Masonry
40:56 Chain Barding Armor
41:13 Iron Casting
42:51 Heavy Camel Rider
43:32 Husbandry
45:43 Imperial Camel Rider
47:04 Plate Barding Armor
47:30 Blast Furnace
46:26 Bodkin Arrow
46:46 Leather Archer Armor
46:46 Chain Mail Armor
Σ(Bug Bonny) != NULL
14:52 Feudal Age
16:55 Double-Bit Axe
16:55 Fishing Lines
20:07 Horse Collar
22:13 Man-at-Arms
22:38 Arson
26:42 Castle Age
26:03 Gold Mining
26:07 Stone Mining
27:17 Gillnets
27:41 Bow Saw
27:42 Heavy Plow
29:13 Stone Shaft Mining
29:43 Murder Holes
29:59 Fortified Wall
31:34 Wheelbarrow
32:55 Squires
32:42 Gambesons
32:20 Long Swordsman
32:23 Pikeman
33:10 Husbandry
33:30 Hand Cart
39:53 Imperial Age
38:51 Masonry
39:02 Ballistics
38:33 Guard Tower
43:52 Two-Man Saw
43:32 Architecture
44:03 Chemistry
42:49 Arrowslits
43:40 Keep
Connection lost

Rejoining the realm…

Still unreachable

The connection could not be restored.

Session expired

The server has moved on; the page needs a fresh start.